[ PARTIDA AOE2 · #505511269 ]
UnrankedPersas vs Armenians
Equipo del jugador · VICT
Equipo rival · DERR
[ ANÁLISIS DE REPETICIÓN · EXTRAÍDO DE LA PARTIDA GRABADA ]
Feudal
11:02
Castillos
21:17
Imperial
—
| APM promedio | 52.9 |
| APM pico | 113 |
| eAPM promedio | 23.7 |
| Aldeanos / militares | 89 / 34 |
Foco
⚔️ 37.2% · 🌾 62.8%
Knight ×10 · Skirmisher ×7 · Camel Scout ×6 · Militia ×4 · Scout Cavalry ×4 · Mangonel ×2
Feudal
8:38
Castillos
23:04
Imperial
—
| APM promedio | 43.0 |
| APM pico | 67 |
| eAPM promedio | 20.5 |
| Aldeanos / militares | 65 / 30 |
Foco
⚔️ 35.7% · 🌾 64.3%
Knight ×11 · Skirmisher ×8 · Archer ×6 · Spearman ×3 · Mangonel ×2
Mapa de la partida
Recursos iniciales + cada clic de construcción. Líneas = muros · curvas = relieve. ◆ oro · ⬟ piedra · ● bayas · ✦ reliquia · ◌ hueco del cierre
Tu base· ✓ Cerrada en 21:17 · 61t muro · sin puerta
Base de [Mushu] Elgo Lazo· ✓ Cerrada en 23:04 · 53t muro · sin puerta
Terreno inicial suavizado · ◌ = hueco del cierre detectado · pasá el cursor para detalles
Inputs por minuto
— LaZZe - - [Mushu] Elgo Lazo
Build order — LaZZe
Primeras 150 de 215 acciones detectadas
| 0:00 | Crear | Villager (Male) |
| 0:00 | Crear | Villager (Male) |
| 0:01 | Crear | Villager (Male) |
| 0:02 | Construir | House |
| 0:03 | Construir | House |
| 0:10 | Crear | Villager (Male) |
| 0:14 | Crear | Villager (Male) |
| 1:27 | Crear | Villager (Male) |
| 1:39 | Construir | Lumber Camp |
| 1:55 | Crear | Villager (Male) |
| 2:29 | Crear | Villager (Male) |
| 2:50 | Crear | Villager (Male) |
| 3:06 | Crear | Villager (Male) |
| 3:27 | Crear | Villager (Male) |
| 3:40 | Construir | House |
| 4:01 | Crear | Villager (Male) |
| 4:26 | Construir | Barracks |
| 4:32 | Construir | Barracks |
| 4:46 | Crear | Villager (Male) |
| 4:53 | Construir | House |
| 5:00 | Crear | Villager (Male) |
| 5:11 | Crear | Villager (Male) |
| 5:12 | Crear | Villager (Male) |
| 5:31 | Crear | Militia |
| 5:32 | Crear | Militia |
| 5:51 | Construir | Mill |
| 5:51 | Crear | Villager (Male) |
| 5:58 | Crear | Militia |
| 6:11 | Crear | Villager (Male) |
| 6:14 | Crear | Militia |
| 6:21 | Crear | Villager (Male) |
| 6:22 | Crear | Villager (Male) |
| 6:29 | Construir | House |
| 6:36 | Construir | Farm |
| 6:58 | Crear | Villager (Male) |
| 7:00 | Construir | Farm |
| 7:06 | Crear | Villager (Male) |
| 7:16 | Crear | Villager (Male) |
| 7:19 | Investigar | Loom |
| 7:20 | Crear | Villager (Male) |
| 7:28 | Crear | Villager (Male) |
| 7:33 | Construir | Farm |
| 7:42 | Construir | House |
| 8:27 | Crear | Villager (Male) |
| 8:29 | Construir | Farm |
| 8:42 | Construir | Palisade Wall |
| 8:44 | Construir | Palisade Wall |
| 8:58 | Investigar | Feudal Age |
| 9:11 | Construir | Palisade Wall |
| 9:13 | Construir | Palisade Wall |
| 9:16 | Construir | Palisade Wall |
| 9:44 | Construir | Palisade Wall |
| 9:51 | Construir | Palisade Wall |
| 10:07 | Construir | Palisade Wall |
| 10:08 | Crear | Villager (Male) |
| 10:24 | Construir | Lumber Camp |
| 10:37 | Construir | Lumber Camp |
| 10:44 | Construir | House |
| 11:02 | Edad | Edad Feudal |
| 11:18 | Construir | Farm |
| 11:18 | Construir | Farm |
| 11:19 | Crear | Villager (Male) |
| 11:29 | Construir | Farm |
| 11:32 | Construir | Farm |
| 11:33 | Crear | Villager (Male) |
| 11:34 | Investigar | Double-Bit Axe |
| 11:38 | Construir | Palisade Wall |
| 11:53 | Crear | Villager (Male) |
| 12:11 | Construir | Archery Range |
| 12:13 | Crear | Villager (Male) |
| 12:18 | Construir | Farm |
| 12:46 | Construir | Mining Camp |
| 12:48 | Crear | Villager (Male) |
| 12:51 | Crear | Skirmisher |
| 12:51 | Crear | Skirmisher |
| 12:55 | Crear | Villager (Male) |
| 13:07 | Crear | Villager (Male) |
| 13:15 | Crear | Skirmisher |
| 13:20 | Construir | Blacksmith |
| 13:20 | Crear | Villager (Male) |
| 13:30 | Construir | House |
| 13:31 | Construir | House |
| 13:33 | Crear | Villager (Male) |
| 13:48 | Crear | Villager (Male) |
| 13:49 | Crear | Skirmisher |
| 13:53 | Construir | Farm |
| 14:02 | Crear | Villager (Male) |
| 14:08 | Investigar | Fletching |
| 14:09 | Crear | Villager (Male) |
| 14:10 | Construir | Farm |
| 14:11 | Crear | Villager (Male) |
| 14:14 | Crear | Skirmisher |
| 14:16 | Construir | House |
| 14:32 | Construir | Farm |
| 14:32 | Crear | Villager (Male) |
| 14:38 | Crear | Villager (Male) |
| 14:45 | Crear | Skirmisher |
| 14:53 | Crear | Villager (Male) |
| 14:55 | Construir | Farm |
| 15:10 | Crear | Villager (Male) |
| 15:17 | Construir | Farm |
| 15:17 | Crear | Villager (Male) |
| 15:25 | Crear | Skirmisher |
| 15:33 | Crear | Villager (Male) |
| 15:44 | Construir | Farm |
| 15:44 | Crear | Villager (Male) |
| 15:50 | Construir | Farm |
| 15:51 | Construir | Farm |
| 15:51 | Crear | Villager (Male) |
| 16:30 | Construir | Farm |
| 16:31 | Crear | Villager (Male) |
| 16:59 | Construir | Farm |
| 17:00 | Construir | Farm |
| 17:22 | Construir | Stable |
| 17:38 | Crear | Villager (Male) |
| 17:48 | Construir | Market |
| 18:06 | Crear | Villager (Male) |
| 18:20 | Crear | Scout Cavalry |
| 18:22 | Crear | Villager (Male) |
| 18:40 | Investigar | Castle Age |
| 18:45 | Construir | Farm |
| 18:46 | Construir | Farm |
| 18:47 | Crear | Villager (Male) |
| 18:54 | Crear | Scout Cavalry |
| 18:56 | Construir | Farm |
| 19:10 | Investigar | Horse Collar |
| 19:24 | Crear | Scout Cavalry |
| 19:34 | Crear | Villager (Male) |
| 19:38 | Crear | Scout Cavalry |
| 20:00 | Crear | Villager (Male) |
| 20:01 | Crear | Villager (Male) |
| 20:03 | Crear | Villager (Male) |
| 20:11 | Construir | Farm |
| 20:11 | Construir | Farm |
| 20:12 | Crear | Villager (Male) |
| 20:28 | Crear | Villager (Male) |
| 20:37 | Construir | Farm |
| 20:38 | Construir | Farm |
| 20:38 | Construir | Farm |
| 20:55 | Investigar | Scale Barding Armor |
| 21:10 | Crear | Villager (Male) |
| 21:15 | Construir | Farm |
| 21:17 | Edad | Edad de los Castillos |
| 21:20 | Construir | Siege Workshop |
| 21:21 | Crear | Knight |
| 21:21 | Crear | Knight |
| 21:27 | Crear | Villager (Male) |
| 21:35 | Construir | Town Center |
| 21:39 | Crear | Villager (Male) |
| 21:43 | Crear | Villager (Male) |
Build order — [Mushu] Elgo Lazo
Primeras 150 de 199 acciones detectadas
| 0:00 | Crear | Villager (Male) |
| 0:01 | Crear | Villager (Male) |
| 0:01 | Crear | Villager (Male) |
| 0:01 | Crear | Villager (Male) |
| 0:02 | Construir | House |
| 0:03 | Construir | House |
| 1:13 | Crear | Villager (Male) |
| 1:13 | Crear | Villager (Male) |
| 1:44 | Construir | Mill |
| 1:59 | Crear | Villager (Male) |
| 1:59 | Crear | Villager (Male) |
| 2:22 | Crear | Villager (Male) |
| 2:22 | Crear | Villager (Male) |
| 3:01 | Crear | Villager (Male) |
| 3:01 | Crear | Villager (Male) |
| 3:15 | Crear | Villager (Male) |
| 3:15 | Crear | Villager (Male) |
| 3:27 | Crear | Villager (Male) |
| 3:27 | Crear | Villager (Male) |
| 3:30 | Construir | House |
| 3:45 | Crear | Villager (Male) |
| 3:46 | Crear | Villager (Male) |
| 4:30 | Crear | Villager (Male) |
| 4:43 | Crear | Villager (Male) |
| 5:13 | Construir | Mule Cart |
| 5:15 | Crear | Villager (Male) |
| 5:38 | Investigar | Loom |
| 6:10 | Construir | House |
| 6:28 | Investigar | Feudal Age |
| 6:47 | Construir | Palisade Wall |
| 6:56 | Construir | Palisade Wall |
| 7:09 | Construir | Palisade Wall |
| 7:09 | Construir | Palisade Wall |
| 7:44 | Construir | Barracks |
| 7:58 | Crear | Villager (Male) |
| 8:12 | Construir | House |
| 8:15 | Construir | Palisade Wall |
| 8:21 | Construir | Palisade Wall |
| 8:23 | Construir | Palisade Wall |
| 8:24 | Construir | Palisade Wall |
| 8:36 | Crear | Spearman |
| 8:38 | Edad | Edad Feudal |
| 9:05 | Crear | Villager (Male) |
| 9:27 | Crear | Villager (Male) |
| 9:37 | Construir | Archery Range |
| 9:41 | Crear | Villager (Male) |
| 9:52 | Crear | Spearman |
| 10:24 | Crear | Archer |
| 10:26 | Crear | Villager (Male) |
| 10:28 | Construir | Mill |
| 10:31 | Crear | Villager (Male) |
| 10:51 | Construir | Mule Cart |
| 10:52 | Crear | Villager (Male) |
| 11:02 | Construir | Mule Cart |
| 11:09 | Construir | Palisade Wall |
| 11:23 | Crear | Skirmisher |
| 11:33 | Crear | Villager (Male) |
| 11:47 | Construir | Palisade Wall |
| 11:48 | Construir | Palisade Wall |
| 11:48 | Construir | Palisade Wall |
| 11:49 | Construir | Palisade Wall |
| 11:57 | Construir | House |
| 12:03 | Crear | Archer |
| 12:04 | Crear | Villager (Male) |
| 12:15 | Construir | Palisade Wall |
| 12:16 | Crear | Villager (Male) |
| 12:27 | Construir | Blacksmith |
| 12:35 | Crear | Villager (Male) |
| 12:37 | Construir | Farm |
| 12:53 | Construir | Farm |
| 13:07 | Crear | Villager (Male) |
| 13:09 | Construir | Farm |
| 13:16 | Crear | Archer |
| 13:30 | Construir | Farm |
| 13:40 | Construir | Palisade Wall |
| 13:40 | Construir | Palisade Wall |
| 13:41 | Construir | Palisade Wall |
| 13:42 | Construir | Palisade Wall |
| 13:42 | Construir | Palisade Wall |
| 13:43 | Construir | Palisade Wall |
| 13:45 | Crear | Villager (Male) |
| 14:11 | Construir | House |
| 14:16 | Crear | Villager (Male) |
| 14:17 | Construir | Farm |
| 14:23 | Construir | Palisade Wall |
| 14:25 | Crear | Villager (Male) |
| 14:30 | Construir | Farm |
| 14:30 | Construir | Farm |
| 14:42 | Construir | House |
| 14:55 | Crear | Villager (Male) |
| 15:13 | Construir | Farm |
| 15:17 | Construir | Farm |
| 15:18 | Crear | Villager (Male) |
| 15:20 | Construir | Farm |
| 15:25 | Crear | Skirmisher |
| 15:34 | Investigar | Fletching |
| 15:44 | Crear | Skirmisher |
| 15:45 | Crear | Villager (Male) |
| 15:54 | Construir | House |
| 15:55 | Construir | Palisade Wall |
| 15:58 | Construir | Palisade Wall |
| 16:01 | Construir | Farm |
| 16:11 | Crear | Archer |
| 16:21 | Crear | Skirmisher |
| 16:24 | Crear | Villager (Male) |
| 16:48 | Crear | Villager (Male) |
| 16:53 | Crear | Skirmisher |
| 16:57 | Investigar | Padded Archer Armor |
| 16:58 | Crear | Villager (Male) |
| 17:16 | Crear | Skirmisher |
| 17:31 | Crear | Villager (Male) |
| 17:33 | Construir | Mule Cart |
| 17:37 | Crear | Skirmisher |
| 18:04 | Crear | Villager (Male) |
| 18:09 | Construir | Farm |
| 18:10 | Construir | Farm |
| 18:21 | Crear | Skirmisher |
| 18:28 | Crear | Villager (Male) |
| 18:30 | Construir | Market |
| 18:35 | Crear | Archer |
| 18:41 | Construir | Farm |
| 18:45 | Investigar | Double-Bit Axe |
| 18:59 | Construir | House |
| 19:01 | Construir | Palisade Wall |
| 19:09 | Crear | Villager (Male) |
| 19:12 | Construir | Farm |
| 19:13 | Construir | Farm |
| 19:24 | Crear | Spearman |
| 19:28 | Crear | Archer |
| 19:32 | Crear | Villager (Male) |
| 19:47 | Construir | Palisade Wall |
| 19:48 | Construir | Palisade Wall |
| 19:54 | Construir | Farm |
| 20:01 | Construir | House |
| 20:03 | Construir | House |
| 20:24 | Investigar | Castle Age |
| 20:24 | Investigar | Castle Age |
| 20:40 | Construir | Palisade Wall |
| 20:49 | Construir | Stable |
| 20:53 | Crear | Villager (Male) |
| 21:06 | Construir | Palisade Wall |
| 21:11 | Construir | Stable |
| 21:15 | Investigar | Gold Mining |
| 21:17 | Investigar | Horse Collar |
| 22:01 | Investigar | Scale Barding Armor |
| 22:11 | Construir | Farm |
| 22:11 | Construir | Farm |
| 22:13 | Construir | Farm |
| 22:14 | Construir | Farm |
| 22:32 | Construir | House |
Cronología de la partida
| 4:26 | LaZZe · first_building Barracks |
| 6:47 | [Mushu] Elgo Lazo · wall_segment Palisade Wall x4 |
| 6:56 | [Mushu] Elgo Lazo · wall_segment Palisade Wall x6 |
| 7:09 | [Mushu] Elgo Lazo · wall_segment Palisade Wall x1 |
| 7:09 | [Mushu] Elgo Lazo · wall_segment Palisade Wall x1 |
| 7:44 | [Mushu] Elgo Lazo · first_building Barracks |
| 8:15 | [Mushu] Elgo Lazo · wall_segment Palisade Wall x1 |
| 8:21 | [Mushu] Elgo Lazo · wall_segment Palisade Wall x1 |
| 8:23 | [Mushu] Elgo Lazo · wall_segment Palisade Wall x1 |
| 8:24 | [Mushu] Elgo Lazo · wall_segment Palisade Wall x1 |
| 8:38 | [Mushu] Elgo Lazo · age_up feudal |
| 8:42 | LaZZe · wall_segment Palisade Wall x9 |
| 8:44 | LaZZe · wall_segment Palisade Wall x3 |
| 9:11 | LaZZe · wall_segment Palisade Wall x11 |
| 9:13 | LaZZe · wall_segment Palisade Wall x9 |
| 9:16 | LaZZe · wall_segment Palisade Wall x5 |
| 9:37 | [Mushu] Elgo Lazo · first_building Archery Range |
| 9:44 | LaZZe · wall_segment Palisade Wall x10 |
| 9:51 | LaZZe · wall_segment Palisade Wall x6 |
| 10:07 | LaZZe · wall_segment Palisade Wall x5 |
| 11:02 | LaZZe · age_up feudal |
| 11:09 | [Mushu] Elgo Lazo · wall_segment Palisade Wall x4 |
| 11:38 | LaZZe · wall_segment Palisade Wall x3 |
| 11:47 | [Mushu] Elgo Lazo · wall_segment Palisade Wall x1 |
| 11:48 | [Mushu] Elgo Lazo · wall_segment Palisade Wall x1 |
| 11:48 | [Mushu] Elgo Lazo · wall_segment Palisade Wall x1 |
| 11:49 | [Mushu] Elgo Lazo · wall_segment Palisade Wall x1 |
| 12:11 | LaZZe · first_building Archery Range |
| 12:15 | [Mushu] Elgo Lazo · wall_segment Palisade Wall x10 |
| 13:40 | [Mushu] Elgo Lazo · wall_segment Palisade Wall x1 |
| 13:40 | [Mushu] Elgo Lazo · wall_segment Palisade Wall x1 |
| 13:41 | [Mushu] Elgo Lazo · wall_segment Palisade Wall x1 |
| 13:42 | [Mushu] Elgo Lazo · wall_segment Palisade Wall x1 |
| 13:42 | [Mushu] Elgo Lazo · wall_segment Palisade Wall x1 |
| 13:43 | [Mushu] Elgo Lazo · wall_segment Palisade Wall x1 |
| 14:23 | [Mushu] Elgo Lazo · wall_segment Palisade Wall x8 |
| 15:55 | [Mushu] Elgo Lazo · wall_segment Palisade Wall x1 |
| 15:58 | [Mushu] Elgo Lazo · wall_segment Palisade Wall x1 |
| 17:22 | LaZZe · first_building Stable |
| 18:35 | LaZZe · first_market_sell 100 wood |
| 18:36 | LaZZe · first_market_buy 100 food |
| 19:01 | [Mushu] Elgo Lazo · wall_segment Palisade Wall x1 |
| 19:34 | [Mushu] Elgo Lazo · first_market_buy 100 food |
| 19:47 | [Mushu] Elgo Lazo · wall_segment Palisade Wall x1 |
| 19:48 | [Mushu] Elgo Lazo · wall_segment Palisade Wall x1 |
| 19:56 | [Mushu] Elgo Lazo · first_market_sell 100 stone |
| 20:40 | [Mushu] Elgo Lazo · wall_segment Palisade Wall x1 |
| 20:49 | [Mushu] Elgo Lazo · first_building Stable |
| 21:06 | [Mushu] Elgo Lazo · wall_segment Palisade Wall x1 |
| 21:17 | LaZZe · age_up castle |
| 21:20 | LaZZe · first_building Siege Workshop |
| 23:04 | [Mushu] Elgo Lazo · age_up castle |
| 23:21 | [Mushu] Elgo Lazo · first_building Siege Workshop |
| 24:39 | [Mushu] Elgo Lazo · wall_segment Palisade Wall x1 |
| 25:02 | LaZZe · first_building Monastery |
| 26:47 | [Mushu] Elgo Lazo · resign |
[ ANÁLISIS IA · 1 CRÉDITO ]
¿Qué pasó realmente en esta partida?
Wolo.gg analiza cada decisión: build order, eco, micro, errores típicos por bracket. Análisis personalizado por WhatsApp o Discord en 30 segundos.
Guía civ
Persas
Perfil
Jugador #268938